 Dungeon Crawl Stone Soup version 0.22.0-40-g68aacdc (webtiles) character file.

21 sargeantstedanko the Sneak (level 2, -5/25 HPs)
             Began as a Naga Enchanter on Sept 1, 2018.
             Slain by a worm (6 damage)
             ... on level 2 of the Dungeon.
             The game lasted 00:02:03 (1197 turns).

sargeantstedanko the Sneak (Naga Enchanter)         Turns: 1197, Time: 00:02:04

Health: -5/25      AC:  1    Str: 10    XL:     2   Next: 83%
Magic:  5/5        EV: 10    Int: 15    God:
Gold:   66         SH:  0    Dex: 11    Spells: 4/5 levels left

rFire    . . .     SeeInvis +   a - +1 dagger
rCold    . . .     Gourm    .   (no shield)
rNeg     . . .     Faith    .   b - +0 robe
rPois    +         Spirit   .   (no helmet)
rElec    .         Reflect  .   (no cloak)
rCorr    .         Harm     .   (no gloves)
MR       .....                  (no barding)
Stlth    ++........             (no amulet)
HPRegen  0.08/turn              (no ring)
MPRegen  0.09/turn              (no ring)

@: short of breath, very slow
A: large, see invisible, deformed body, poison resistance, slowness 2, slow
metabolism 1, spit poison 1, AC +0
a: Spit Poison


You were on level 2 of the Dungeon.
You were not hungry.

You visited 1 branch of the dungeon, and saw 2 of its levels.

You collected 66 gold pieces.

Inventory:

Hand Weapons
 a - a +1 dagger (weapon)
Armour
 b - a +0 robe (worn)
Jewellery
 c - an uncursed ring of wizardry {unknown}
 f - a cursed ring of attention {unknown}
Scrolls
 g - a scroll of enchant weapon {unknown}
 h - a scroll of identify {unknown}
 i - a scroll of magic mapping {unknown}
 k - 3 scrolls of teleportation {unknown}
Potions
 e - a potion of heal wounds {unknown}
 j - a potion of invisibility {unknown}
Comestibles
 d - 2 rations


   Skills:
 * Level 1.0 Fighting
 * Level 1.4 Short Blades
 * Level 0.7 Armour
 * Level 1.9 Dodging
 - Level 4.4 Stealth
 - Level 2.0 Spellcasting
 - Level 3.0 Hexes


You had 4 spell levels left.
You knew the following spells:

 Your Spells              Type           Power        Failure   Level  Hunger
a - Corona                Hex            ##.....      6%          1    #......

Your spell library contained the following spells:

 Spells                   Type           Power        Failure   Level  Hunger
 Ensorcelled Hibernation  Hex/Ice        #.....       19%         2    ###....
 Confuse                  Hex            ##......     19%         3    ###....
 Tukima's Dance           Hex            ##......     19%         3    ###....
 Dazzling Spray           Conj/Hex       #.....       34%         3    ###....


Dungeon Overview and Level Annotations

Branches:
Dungeon (2/15)

Altars:


Innate Abilities, Weirdness & Mutations

You cannot wear boots.
Your serpentine skin is tough. (AC +0)
You have supernaturally acute eyesight. (SInv)
Armour fits poorly on your strangely shaped body.
Your system is resistant to poisons. (rPois)
You cover ground very slowly.
You have a slow metabolism.
You can spit poison.


Message History

The worm bites you.
You see here a leopard gecko corpse.
Press: ? - help, Shift-Dir - straight line, f - worm
Aim: a worm The splash of poison misses the worm.
You feel slightly more hungry.
You can't do that yet.
Unknown command.
You hit the worm.
The worm is moderately wounded.
The worm bites you!
* * * LOW HITPOINT WARNING * * *
You barely miss the worm.
The worm is lightly wounded.
You have got your breath back.
Press: ? - help, Shift-Dir - straight line, f/p - worm
Aim: a worm (lightly wounded)
The splash of poison hits the worm.
The worm appears unharmed.
The worm is lightly wounded.
You feel slightly more hungry. The worm bites you.
You die...

#########.#
#.........#
#.#########
#......# +#+##
#......# ..).#
#......# ....+
#......# ....###
#.#########.......
#.# #....@w.......
#.# #.......).....
#.# #......?......
#.###.............
#............$....
##################


You could see a worm.

Vanquished Creatures
  A dart slug (D:1)
  A leopard gecko (D:2)
  A giant cockroach (D:1)
  2 goblins (D:1)
  3 hobgoblins (D:1)
  A bat (D:1)
  2 frilled lizards (D:1)
  4 kobolds (D:1)
  3 rats (D:1)
18 creatures vanquished.

Notes
Turn   | Place    | Note
-------+----------+-------------------------------------------
     0 | D:1      | sargeantstedanko the Naga Enchanter began the quest for the Orb.
     0 | D:1      | Reached XP level 1. HP: 15/15 MP: 3/3
   186 | D:1      | Reached XP level 2. HP: 21/24 MP: 5/5
  1191 | D:2      | Reached skill level 1 in Fighting
  1194 | D:2      | HP: 1/25 [worm (10)]
  1197 | D:2      | Slain by a worm

Skill      XL: |  1  2 |
---------------+-------+-----
Fighting       | 1 |  1.0
Short Blades   | |  1.4
Armour         | |  0.7
Dodging        | |  1.9
Stealth        | |  4.4
Spellcasting   | |  2.0
Hexes          | |  3.0

Action                   || total
-------------------------++-------
Melee: Dagger            ||    61
 Abil: Spit Poison       ||     2
 Stab: Sleeping          ||     5
Armor: Robe              ||     2
Dodge: Dodged            ||    27
